 Dungeon Crawl Stone Soup version 0.23.2-1-ga50397a (webtiles) character file.

Game seed: 9903568710109184092

24 myga the Grave Robber (level 2, 0/19 HPs)
             Began as a Vampire Necromancer on Apr 19, 2019.
             Slain by Terence
             ... wielding a +0 trident
              (1 damage)
             ... on level 2 of the Dungeon.
             The game lasted 00:04:35 (867 turns).

myga the Grave Robber (Vampire Necromancer)          Turns: 867, Time: 00:04:35

Health: 0/19       AC:  3    Str:  7    XL:     2   Next: 79%
Magic:  0/5        EV: 12    Int: 17    God:
Gold:   21         SH:  0    Dex: 14    Spells: 3/5 levels left

rFire    . . .     SeeInvis +   b - +0 dagger
rCold    . . .     Gourm    .   (no shield)
rNeg     + . .     Faith    .   a - +1 robe
rPois    .         Spirit   .   (no helmet)
rElec    .         Reflect  .   (no cloak)
rCorr    .         Harm     .   (no gloves)
MR       .....                  (no boots)
Stlth    ++........             (no amulet)
HPRegen  0.06/turn              (no ring)
MPRegen  0.09/turn              (no ring)

@: very slightly contaminated, invisible
A: fangs 3, see invisible, unbreathing
a: no special abilities


You were on level 2 of the Dungeon.
You were not thirsty.

You visited 1 branch of the dungeon, and saw 2 of its levels.

You collected 21 gold pieces.

Inventory:

Hand Weapons
 b - a +0 dagger (weapon)
Armour
 a - a +1 robe (worn)
Scrolls
 d - a scroll of enchant armour
 e - a scroll of teleportation {unknown}
Potions
 c - 12 potions of blood
 f - a potion of invisibility


   Skills:
 + Level 0.1 Short Blades
 + Level 2.2 Dodging
 + Level 3.2 Stealth
 + Level 0.7 Unarmed Combat
 + Level 2.2 Spellcasting
 + Level 5.0 Necromancy


You had 3 spell levels left.
You knew the following spells:

 Your Spells              Type           Power        Failure   Level  Hunger
a - Pain                  Necr           ###.         2%          1    #......
b - Animate Skeleton      Necr           N/A          2%          1    #......

Your spell library contained the following spells:

 Spells                   Type           Power        Failure   Level  Hunger
 Vampiric Draining        Necr           ###.......   8%          3    ###....
 Regeneration             Chrm/Necr      ##........   21%         3    ###....
 Animate Dead             Necr           N/A          24%         4    #####..


Dungeon Overview and Level Annotations

Branches:
Dungeon (2/15)

Altars:

Annotations:
D:2 Terence


Innate Abilities, Weirdness & Mutations

You have razor-sharp teeth.
You have supernaturally acute eyesight. (SInv)
You can survive without breathing.


Message History

Unknown command.
Found a runed ring mail.
Terence shouts!
Terence closely misses you.
Casting: Pain (safe; 2% risk of failure)
Confirm with . or Enter, or press ? or * to list all spells.
Aiming: Pain (safe; 2% risk of failure)
Press: ? - help, Shift-Dir - straight line, f/p - Terence
Aim: Terence, wielding a +0 trident and wearing a +2 chain mail of fire resistance (severely wounded, hasn't noticed you, chance to defeat MR: 84%) Terence writhes in agony.
A kobold comes into view.
Casting: Pain (safe; 2% risk of failure)
Confirm with . or Enter, or press ? or * to list all spells.
Aiming: Pain (safe; 2% risk of failure)
Press: ? - help, Shift-Dir - straight line, f/p - Terence
Aim: Terence, wielding a +0 trident and wearing a +2 chain mail of fire resistance (severely wounded, chance to defeat MR: 84%) Terence barely resists.
Terence bares his teeth.
Terence hits you from afar with a +0 trident.
You die...

### ..# #.# ##.###
#>[.. . #..# # ...
###..####.####.
....[##....@.@.......
......s.#...........K
.....####..<.........
.... ##...#######. ..
#!....# ##...## #..##
#.## #.#


You could see Terence, a giant cockroach (wandering) and a kobold (sleeping).

Vanquished Creatures
  A dart slug (D:1)
  A leopard gecko (D:1)
  A bat (D:1)
  A giant cockroach (D:1)
  4 goblins (D:1)
  4 hobgoblins (D:1)
  4 kobolds (D:1)
  2 rats (D:1)
18 creatures vanquished.

Notes
Turn   | Place    | Note
-------+----------+-------------------------------------------
     0 | D:1      | myga the Vampire Necromancer began the quest for the Orb.
     0 | D:1      | Reached XP level 1. HP: 13/13 MP: 3/3
     3 | D:1      | Learned a level 1 spell: Animate Skeleton
    11 | D:1      | Noticed an ogre
   332 | D:1      | Reached XP level 2. HP: 16/19 MP: 5/5
   710 | D:1      | Reached skill level 5 in Necromancy
   843 | D:2      | Noticed Terence
   867 | D:2      | Slain by Terence

Skill      XL: |  1  2 |
---------------+-------+-----
Necromancy     | 5 |  5.0
Short Blades   | |  0.1
Dodging        | |  2.2
Stealth        | |  3.2
Unarmed Combat | |  0.7
Spellcasting   | |  2.2

Action                   || total
-------------------------++-------
Melee: Unarmed           ||    11
       Dagger            ||    14
       Bite              ||     1
 Cast: Pain              ||    24
       Animate Skeleton  ||     7
  Use: Scroll            ||     1
       Potion            ||     1
 Stab: Sleeping          ||     8
Armor: Robe              ||     2
Dodge: Dodged            ||    16
